 Dungeon Crawl Stone Soup version 0.29.0-7-g18a832c13a (webtiles) character file.

Game seed: 5491031801567520433

4 adizb the Trooper (level 1, 0/19 HPs)
             Began as a Draconian Chaos Knight on Aug 30, 2022.
             Was a Plaything of Xom.
             Constricted to death by a ball python (1 damage)
             ... on level 1 of the Dungeon.
             The game lasted 00:01:11 (64 turns).

adizb the Trooper (Draconian Chaos Knight)            Turns: 64, Time: 00:01:12

Health: 0/19       AC:  4    Str: 14    XL:     1   Next: 58%
Magic:  1/1        EV:  9    Int: 12    God:    Xom [..*...]
Gold:   14         SH:  0    Dex: 10    Spells: 0/0 levels left

rFire   . . .      SeeInvis .   a - +0 mace (chaos)
rCold   . . .      Faith    .   (no shield)
rNeg    . . .      Spirit   .   (body armour unavailable)
rPois   .          Reflect  .   (helmet restricted)
rElec   .          Harm     .   (no cloak)
rCorr   .          Rampage  .   (no gloves)
Will    .....                   (no boots)
Stlth   +.........              (no amulet)
HPRegen 0.06/turn               (no ring)
MPRegen 0.07/turn               (no ring)

@: constricted
A: AC +4, unfitting armour, cold-blooded
a: Renounce Religion


You were on level 1 of the Dungeon.
You worshipped Xom.
You were a toy of Xom.
You visited 1 branch of the dungeon, and saw 1 of its levels.

You collected 14 gold pieces.

Inventory:

Hand Weapons
 a - a +0 mace of chaos (weapon)
Missiles
 d - 5 datura-tipped darts
Scrolls
 c - a scroll of identify {unknown}
Miscellaneous
 b - a piece from Xom's chessboard (11/15) (quivered)


   Skills:
 * Level 3.5 Fighting
 + Level 3.1 Maces & Flails
 - Level 2.1 Dodging


You couldn't memorise any spells.
You didn't know any spells.
Your spell library was empty.

Dungeon Overview and Level Annotations

Branches:
Dungeon (1/15)

Altars:


Innate Abilities, Weirdness & Mutations

Your plain brown scales are hard. (AC +4)
You cannot fit into any form of body armour.
You are cold-blooded and may be slowed by cold attacks.


Message History

The ball python bites you. The ball python constricts you.
The giant cockroach barely misses you.
You closely miss the giant cockroach. The ball python bites you.
The ball python constricts you. The giant cockroach closely misses you.
The ball python bites you but does no damage.
The ball python constricts you.
The giant cockroach bites you but does no damage.
The kobold hits you with a +0 short sword.
You closely miss the giant cockroach.
The ball python bites you but does no damage.
The ball python constricts you. The giant cockroach bites you.
The kobold hits you with a +0 short sword.
You escape the ball python's grasp.
The ball python attacks as you move away!
The ball python misses you.
The giant cockroach attacks as you move away!
The giant cockroach bites you but does no damage.
The ball python attacks as you move away!
The ball python barely misses you.
The ball python stops glowing.
The giant cockroach closely misses you.
You make a move on Xom's chessboard...
The giant cockroach seems to slow down.
You hit the giant cockroach. You drain the giant cockroach.
You kill the giant cockroach!
The ball python bites you. The ball python grabs you.
The ball python constricts you. The ball python bites you.
* * * LOW HITPOINT WARNING * * *
The ball python constricts you.
You miss the kobold. You tail-slap the kobold.
The kobold is heavily wounded.
The kobold hits you with a +0 short sword.
* * * LOW HITPOINT WARNING * * *
The ball python barely misses you. The ball python constricts you.
You escape the ball python's grasp.
You aren't carrying any potions.
You make a move on Xom's chessboard...
The kobold flickers and vanishes!
Deactivating autopickup; reactivate with Ctrl-A.
Something hits you but does no damage. The ball python barely misses you.
The ball python grabs you. The ball python constricts you.
You die...
Xom snickers!

.........# #...
......$?.# ##....
.$.......### ....#
...........#####...#
.........#........ ##
#..##.....# #.
#######....##..# #####.
#.....#{S#.....####.....
#..>...@............####
#.....#..†####..#####
#######....# ##....
.......# ###....
..........# .....
.............# ....
..........#.... ....
..........####. ...
######.####


You could see a ball python.

Vanquished Creatures
  An endoplasm (D:1)
  A giant cockroach (D:1)
  A hobgoblin (D:1)
  A rat (D:1)
4 creatures vanquished.

Notes
Turn   | Place    | Note
-------+----------+-------------------------------------------
     0 | D:1      | adizb the Draconian Chaos Knight began the quest for the
                  | Orb.
     0 | D:1      | Reached XP level 1. HP: 19/19 MP: 1/1
    41 | D:1      | XOM: silly message
    64 | D:1      | Constricted to death by a ball python

Illustrated notes

Levels and vault maps discovered:
D:1:      dpeg_arrival_simpleton_c, layout_rooms

Action                   || total
-------------------------++-------
Melee: Mace              ||    15
       Tailslap          ||     2
Evoke: Piece from Xom's  ||     4
Armor: Skin              ||    14
Dodge: Dodged            ||    13
